 Dungeon Crawl Stone Soup version 0.30.1-9-gdf580d7c3d (webtiles) character file.

Game seed: 524198523560494502

158 H0rd4k the Charlatan (level 5, -1/38 HPs)
             Began as a Human Artificer on Oct 10, 2023.
             Slain by an orc
             ... wielding a +0 club
              (3 damage)
             ... on level 4 of the Dungeon.
             The game lasted 00:03:37 (3239 turns).

H0rd4k the Charlatan (Human Artificer)              Turns: 3239, Time: 00:03:38

Health: -1/38      AC:  4    Str: 12    XL:     5   Next: 66%
Magic:  5/5        EV: 12    Int: 14    God:
Gold:   135        SH:  0    Dex: 13    Spells: 4/4 levels left

rFire   . . .        l - +0 mace
rCold   . . .        (no shield)
rNeg    . . .        m - +1 leather armour {Will+}
rPois   .            (no helmet)
rElec   .            (no cloak)
rCorr   .            (no gloves)
SInv    .            (no boots)
Will    +....        (no amulet)
Stlth   +            r - ring of flight
HPRegen 0.26/turn    (no ring)
MPRegen 0.09/turn

%: no passive effects
@: flying
A: no striking features
a: no special abilities


You were on level 4 of the Dungeon.
You visited 1 branch of the dungeon, and saw 4 of its levels.

You collected 135 gold pieces.

Inventory:

Hand Weapons
 l - a +0 mace (weapon)
Missiles
 f - 2 throwing nets
 i - 2 curare-tipped darts
Armour
 m - a +1 leather armour of willpower (worn)
Magical Staves
 w - a staff of poison
Jewellery
 r - a ring of flight (left hand)
Wands
 c - a wand of flame (11) (quivered)
 d - a wand of charming (12)
 e - a wand of iceblast (4)
Scrolls
 g - 5 scrolls of identify {unknown}
 j - 2 scrolls of teleportation {unknown}
 k - 2 scrolls of immolation {unknown}
 n - a scroll of summoning {unknown}
 o - a scroll of enchant weapon {unknown}
 q - a scroll of poison {unknown}
 s - a scroll of blinking {unknown}
 u - a scroll of fog {unknown}
 v - a scroll of fear {unknown}
Potions
 a - 2 potions of curing {unknown}
 b - a potion of heal wounds {unknown}
 h - 4 potions of flight {unknown}
 p - a potion of berserk rage {unknown}
 t - a potion of cancellation {unknown}
 x - a potion of haste {unknown}


   Skills:
 + Level 2.1 Fighting
 + Level 2.9 Maces & Flails
 - Level 2.0 Armour
 + Level 2.5 Dodging
 - Level 1.0 Stealth
 + Level 3.7 Evocations


You had 4 spell levels left.
You didn't know any spells.
Your spell library contained the following spells:

 Spells                   Type           Power      Damage    Failure   Level
 Passage of Golubria      Tloc           0%         N/A       98%         4
 Silence                  Hex/Air        0%         N/A       100%        5
 Lehudib's Crystal Spear  Conj/Erth      0%         10d2      100%        8


Dungeon Overview and Level Annotations

Branches:
Dungeon (4/15)
 Temple: D:4-7

Altars:
Dithmenos
Ru
Trog

Shops:
D:2 (

Annotations:
D:2 exclusions: hobgoblin and 1 more exclusion, Robin
D:3 1 runed translucent door, exclusion: door, Crazy Yiuf


Message History

You hit the orc but do no damage.
The orc hits you from afar with a +0 trident.
The orc hits you but does no damage.
You hit the orc.
The orc is severely wounded.
The orc hits you from afar with a +0 trident.
The orc closely misses you. The orc hits you with a +0 club.
The orc closely misses you. The hobgoblin hits you.
You barely miss the orc.
The orc is heavily wounded.
The hobgoblin hits you. The orc hits you with a +0 club.
The orc hits you from afar with a +0 trident.
You completely miss the orc.
The orc is heavily wounded.
The orc priest looks satisfied for a moment.
The hobgoblin misses you. The orc misses you. The orc hits you with a +0 club.
You hit the orc.
The orc is severely wounded.
The orc hits you from afar with a +0 trident.
* * * LOW HITPOINT WARNING * * *
The orc hits you with a +0 club.
* * * LOW HITPOINT WARNING * * *
The hobgoblin hits you.
* * * LOW HITPOINT WARNING * * *
The orc hits you with a +0 club.
* * * LOW HITPOINT WARNING * * *
The orc barely misses you. The hobgoblin misses you.
Aiming: Charm
Press: ? - help, Shift-Dir - straight line, f - hobgoblin
Aim: a hobgoblin (chance to affect: 75%)
The hobgoblin struggles to resist.
The orc shouts!
The orc barely misses you. The hobgoblin barely misses you.
The orc hits you with a +0 club.
* * * LOW HITPOINT WARNING * * *
Aiming: Charm
Press: ? - help, Shift-Dir - straight line, f/p - hobgoblin
Aim: a hobgoblin (chance to affect: 75%)
The hobgoblin is charmed.
The orc hits you with a +0 club.
You die...

...........>....#
...............#####.
....................
. #...........#######
..##...........#
...............#
...............#
........########
........g@#
........#o#######
.........oo.....#
................#
................#
.........o......#
....>....<......#
#####...........#
............#


You could see an orc priest, 3 orcs and a friendly hobgoblin (charmed).

Vanquished Creatures
  Jessica (D:2)
  3 gnolls (D:3)
  2 adders
  A worm (D:2)
  3 dart slugs
  6 orcs
  2 endoplasms (D:2)
  3 giant cockroaches
  3 hobgoblins
  7 jackals
  2 quokkas (D:1)
  7 ball pythons
  8 bats
  5 frilled lizards
  4 goblins
  5 kobolds
  9 rats
71 creatures vanquished.

Vanquished Creatures (others)
  A gnoll bouda (D:3)
1 creature vanquished.

Grand Total: 72 creatures vanquished

Notes
Turn   | Place    | Note
-------+----------+-------------------------------------------
     0 | D:1      | H0rd4k the Human Artificer began the quest for the Orb.
     0 | D:1      | Reached XP level 1. HP: 15/15 MP: 1/1
    64 | D:1      | Reached XP level 2. HP: 6/21 MP: 2/2
   572 | D:1      | Reached XP level 3. HP: 26/26 MP: 3/3
  1572 | D:2      | Noticed Jessica
  1579 | D:2      | Killed Jessica
  1580 | D:2      | Reached skill level 1 in Maces & Flails
  1580 | D:2      | Reached XP level 4. HP: 31/32 MP: 4/4
  1593 | D:2      | Noticed Robin
  1882 | D:2      | Found Zemn's Antique Weapon Boutique.
  2078 | D:3      | Found a sacrificial altar of Ru.
  2078 | D:3      | Found a shadowy altar of Dithmenos.
  2103 | D:3      | Found a bloodstained altar of Trog.
  2136 | D:3      | Reached XP level 5. HP: 32/38 MP: 5/5
  3004 | D:3      | Found a runed translucent door.
  3005 | D:3      | Noticed Crazy Yiuf
  3239 | D:4      | Slain by an orc

Illustrated notes

Levels and vault maps discovered:
D:1:      dpeg_arrival_pits, layout_basic, serial_glass, glass_columns_a,
          glass_columns_a, minmay_strange_pillars, minmay_strange_pillars,
          item_on_display_a, feat_on_display
D:2:      layout_rooms, serial_shops, shop_fountains, minmay_puff, uniq_jessica,
          uniq_robin
D:3:      layout_loops_cross, minitemple, nicolae_grassy_gnolls,
          uniq_crazy_yiuf_cottage
D:4:      layout_basic, mainiacjoe_overflow_tiny_flanked, zin_treasury,
          minmay_temple_entry_drinking_statues, biasface_ghost_orc_armoury,
          uniq_natasha

Skill      XL: |  1  2  3  4  5 |
---------------+----------------+-----
Dodging        | 2 |  2.5
Maces & Flails | 1 2 |  2.9
Fighting       | 2 |  2.1
Armour         | |  2.0
Stealth        | |  1.0
Evocations     | |  3.7

Action                     |  1- 3 |  4- 6 || total
---------------------------+-------+-------++-------
  Melee: Club              |    89 |       ||    89
         Mace              |    50 |   154 ||   204
  Evoke: Wand              |     3 |     5 ||     8
   Stab: Sleeping          |     2 |     2 ||     4
 Armour: Leather armour    |    84 |    54 ||   138
  Dodge: Dodged            |   138 |   130 ||   268
